General information
			
			
        
        - name: BNet
 
        - type: Ladder team game (AT/RT)
 
        - host: Battle.net
 
        - saver: hobomachine321
 
        
map: SunrockCove 
        - players: 6
 
        - length: 08:59
 
        - speed: Fast
 - version: 1.22 W3XP
 - replay type:  Public
 
» download(47 KB)
Players
        team 1 (loser) 
              
              
bigot_redneck (
purple | 44 APM | 153 actions | 03:28)
              
 1 Goblin Tinker 
 1 Pocket Factory
 
                » actions 
                
                | Build / train | 9 |  | 
| Enter build submenu | 3 |  | 
| Enter hero's abilities submenu | 1 |  | 
| Right click | 78 |  | 
| Select / deselect | 57 |  | 
| Use ability | 5 |  | 
                153 total
 » units 
                » buildings
                
                | War Mill | 1 |  | 
| Orc Burrow | 1 |  | 
| Altar of Storms | 1 |  | 
                3 total
 » build order
                00:11 War Mill
00:30 Orc Burrow
01:18 Altar of Storms
 
               
              
              
FapInTheBooth (
green | 65 APM | 240 actions | 03:41)
              
                » actions 
                
                | Assign group hotkey | 2 |  | 
| Basic commands | 7 |  | 
| Build / train | 12 |  | 
| ESC pressed | 2 |  | 
| Enter build submenu | 9 |  | 
| Remove unit from queue | 1 |  | 
| Right click | 111 |  | 
| Select / deselect | 83 |  | 
| Select group hotkey | 1 |  | 
| Use ability | 12 |  | 
                240 total
 » units 
                » buildings
                
                | Lumber Mill | 1 |  | 
| Scout Tower | 6 |  | 
| Guard Tower | 4 |  | 
| Altar of Kings | 1 |  | 
| Farm | 1 |  | 
                13 total
 » build order
                00:23 Lumber Mill
01:09 Scout Tower
01:11 Scout Tower
01:12 Scout Tower
01:13 Scout Tower
01:39 Guard Tower
01:41 Guard Tower
01:46 Scout Tower
01:48 Scout Tower
02:10 Guard Tower
02:33 Guard Tower
03:18 Altar of Kings
03:24 Farm
 
               
              
              
w00tah.com (
orange | 28 APM | 252 actions | 08:59)
              
                » actions 
                
                | Basic commands | 1 |  | 
| Build / train | 11 |  | 
| ESC pressed | 1 |  | 
| Enter build submenu | 11 |  | 
| Right click | 122 |  | 
| Select / deselect | 82 |  | 
| Use ability | 24 |  | 
                252 total
 » units 
                » buildings
                
                | Altar of Kings | 1 |  | 
| Scout Tower | 1 |  | 
| Arcane Tower | 1 |  | 
| Farm | 2 |  | 
| Stronghold | 1 |  | 
| Great Hall | 4 |  | 
                10 total
 » build order
                00:54 Altar of Kings
01:17 Scout Tower
01:44 Arcane Tower
02:05 Farm
04:31 Farm
04:36 Stronghold
07:46 Great Hall
08:12 Great Hall
08:17 Great Hall
08:22 Great Hall
 
               team 2 (winner) 
              
              
BigPoppaPump (
yellow | 74 APM | 661 actions | 08:59)
              
 3 Archmage 
 2 Summon Water Elemental
 1 Brilliance Aura
 
                » actions 
                
                | Assign group hotkey | 11 |  | 
| Basic commands | 23 |  | 
| Build / train | 36 |  | 
| Enter build submenu | 19 |  | 
| Enter hero's abilities submenu | 3 |  | 
| Right click | 323 |  | 
| Select / deselect | 117 |  | 
| Select group hotkey | 98 |  | 
| Use ability | 31 |  | 
                661 total
 » units 
                » upgrades
                » buildings
                
                | Altar of Kings | 1 |  | 
| Farm | 3 |  | 
| Barracks | 1 |  | 
| Scout Tower | 11 |  | 
| Arcane Tower | 1 |  | 
| Lumber Mill | 1 |  | 
| Guard Tower | 3 |  | 
| Town Hall | 1 |  | 
                22 total
 » build order
                00:03 Altar of Kings
00:20 Farm
00:29 Barracks
01:11 Scout Tower
01:38 Arcane Tower
01:49 Farm
04:31 Farm
05:38 Lumber Mill
05:41 Scout Tower
05:42 Scout Tower
06:31 Scout Tower
06:32 Scout Tower
06:33 Scout Tower
06:36 Scout Tower
06:37 Scout Tower
06:38 Scout Tower
06:50 Guard Tower
07:00 Town Hall
07:08 Guard Tower
07:17 Scout Tower
07:18 Scout Tower
08:11 Guard Tower
 
               
              
              
hobomachine321 (
pink | 101 APM | 909 actions | 08:59)
              
 2 Demon Hunter 
 1 Mana Burn
 1 Evasion
 
                » actions 
                
                | Assign group hotkey | 6 |  | 
| Build / train | 29 |  | 
| Enter build submenu | 18 |  | 
| Enter hero's abilities submenu | 2 |  | 
| Right click | 559 |  | 
| Select / deselect | 142 |  | 
| Select group hotkey | 133 |  | 
| Use ability | 20 |  | 
                909 total
 » units 
                » upgrades
                
                | Ultravision | 1 |  | 
| Strength of the Wild | 1 |  | 
                2 total
 » buildings
                
                | Altar of Elders | 3 |  | 
| Moon Well | 5 |  | 
| Ancient of War | 1 |  | 
| Tree of Ages | 1 |  | 
| Hunter's Hall | 1 |  | 
| Tree of Life | 1 |  | 
| Tree of Eternity | 1 |  | 
| Ancient of Wind | 1 |  | 
                14 total
 » build order
                00:07 Altar of Elders
00:16 Moon Well
00:49 Moon Well
01:11 Altar of Elders
01:13 Altar of Elders
01:52 Ancient of War
02:27 Moon Well
02:56 Moon Well
03:13 Moon Well
04:26 Tree of Ages
04:28 Hunter's Hall
05:24 Tree of Life
06:48 Tree of Eternity
06:50 Ancient of Wind
 
               
              
              
W00tah.c0m (
red | 93 APM | 833 actions | 08:59)
              
 2 Death Knight 
 1 Death Coil
 1 Unholy Aura
 1 Goblin Tinker 
 1 Pocket Factory
 
                » actions 
                
                | Assign group hotkey | 25 |  | 
| Basic commands | 38 |  | 
| Build / train | 28 |  | 
| ESC pressed | 2 |  | 
| Enter build submenu | 12 |  | 
| Enter hero's abilities submenu | 3 |  | 
| Right click | 306 |  | 
| Select / deselect | 99 |  | 
| Select group hotkey | 283 |  | 
| Use ability | 37 |  | 
                833 total
 » units 
                
                | Acolyte | 3 |  | 
| Ghoul | 2 |  | 
| Crypt Fiend | 9 |  | 
                14 total
 » upgrades
                » buildings
                
                | Crypt | 1 |  | 
| Graveyard | 2 |  | 
| Altar of Darkness | 1 |  | 
| Ziggurat | 4 |  | 
| Tomb of Relics | 1 |  | 
| Halls of the Dead | 5 |  | 
                14 total
 » build order
                00:09 Crypt
00:14 Graveyard
00:17 Graveyard
00:42 Altar of Darkness
00:58 Ziggurat
01:37 Tomb of Relics
01:39 Ziggurat
03:13 Halls of the Dead
03:13 Halls of the Dead
04:02 Ziggurat
05:27 Ziggurat
» items
                 
                Chat log
          (00:11 / Allies) BigPoppaPump: want to keep searching and keep making new names
(00:14 / Allies) BigPoppaPump: and just leave at start
(00:16 / Allies) BigPoppaPump: so they cant play
(00:18 / Allies) hobomachine321: lmao
(00:33 / Allies) BigPoppaPump: getting defendmen
(00:37 / Allies) BigPoppaPump: and gonna tower expos a lil
(02:59 / All) W00tah.c0m: sorry about this john
(03:31 / All) hobomachine321: LMAO
(05:05 / All) hobomachine321: hey wootah ty for free win.....again
(05:18 / All) hobomachine321: 647-869-9830  for any questions or complains
(05:32 / All) w00tah.com: LMAO yah right, im building an army just you wait and see